 Dungeon Crawl Stone Soup version 0.31-a0-702-gf82c85558f (webtiles) character file.

Game seed: 16839283344520759680

316 qw the Shooter (level 6, -8/40 HPs)
             Began as a Gargoyle Hunter on Sept 8, 2023.
             Mangled by an orc
             ... wielding a +4 flail
              (11 damage)
             ... on level 4 of the Dungeon.
             The game lasted 00:00:57 (2557 turns).

qw the Shooter (Gargoyle Hunter)                    Turns: 2557, Time: 00:00:58

Health: -8/40      AC: 11    Str: 15    XL:     6   Next: 44%
Magic:  5/5        EV: 11    Int:  9    God:
Gold:   123        SH:  0    Dex: 15    Spells: 5/5 levels left

rFire   . . .        Y - +1 shortbow
rCold   . . .        (shield currently unavailable)
rNeg    + . .        b - +0 ring mail
rPois   inf          (no helmet)
rElec   +            (no cloak)
rCorr   .            g - +0 pair of gloves
SInv    .            k - +0 pair of boots
Will    .....        (no amulet)
Stlth   +            i - +4 ring of slaying {mikee}
HPRegen 0.26/turn    (no ring)
MPRegen 0.09/turn

%: no passive effects
@: flying
A: sickness immunity, AC +4, negative energy resistance 1, electricity
resistance, torment resistance 1, petrification resistance, big wings, low MP 1,
inability to read after injury 1
a: no special abilities


You were on level 4 of the Dungeon.
You visited 1 branch of the dungeon, and saw 4 of its levels.

You collected 123 gold pieces.


Innate Abilities, Weirdness & Mutations

You are immune to sickness and miasma.
Your stone body is resilient. (AC +4)
You are immune to poison.
You resist negative energy. (rN+)
You are resistant to electric shocks. (rElec)
You are resistant to unholy torment.
You are immune to petrification.
Your large and strong wings let you fly.
Your magical capacity is low. (-10% MP)
You occasionally lose the ability to read scrolls when taking damage.


   Skills:
 - Level 4.9 Fighting
 + Level 6.0 Ranged Weapons
 - Level 1.6 Armour
 - Level 1.5 Dodging
 - Level 1.1 Stealth


You had 5 spell levels left.
You didn't know any spells.
Your spell library was empty.

Inventory:

Hand Weapons
 Y - a +1 shortbow (weapon)
Armour
 b - a +0 ring mail (worn)
 g - a +0 pair of gloves (worn)
 k - a +0 pair of boots (worn)
Jewellery
 i - a +4 ring of slaying (left hand) {mikee}
Potions
 a - a potion of enlightenment {unknown}
 d - a potion of degeneration {unknown}

Dungeon Overview and Level Annotations

Branches:
Dungeon (4/15)
 Temple: D:4-7

Altars:


Message History

You shoot an arrow. The arrow hits Edmund.
Edmund is heavily wounded.
You hear the slow hiss of a very distant avalanche of sand.
Edmund hits you with a +1 dire flail of protection!
Edmund barely misses you.
2548 ||| DRINKING potion of heal wounds.
You feel much better. Edmund barely misses you.
You shoot an arrow. The arrow hits Edmund.
Edmund is severely wounded.
You hear a shout! x2
Edmund hits you with a +1 dire flail of protection!
An orc comes into view. It is wielding a +4 flail.
You shoot an arrow. The arrow hits Edmund.
Edmund is almost dead.
Edmund hits you but does no damage.
You shoot an arrow. The arrow hits Edmund.
Edmund is almost dead.
Edmund hits you but does no damage.
An orc comes into view. It is wielding a +0 short sword.
You shoot an arrow. The arrow hits Edmund.
Edmund is almost dead.
Edmund hits you with a +1 dire flail of protection.
You shoot an arrow. The arrow hits Edmund!
You kill Edmund!
The orc hits you but does no damage.
Your Fighting skill increases to level 4!
You have reached level 6!
You shoot an arrow. The arrow hits the orc.
The orc is almost dead.
The orc hits you with a +4 flail.
You shoot an arrow. The arrow closely misses the orc.
The arrow hits the orc.
The orc is moderately wounded.
The orc hits you with a +4 flail!
You shoot an arrow. The arrow closely misses the orc.
The arrow hits the orc!
You kill the orc!
The orc hits you with a +4 flail.
You shoot an arrow. The arrow closely misses the orc.
The orc hits you with a +4 flail!
You die...

###........##.######
..........##<......
#........##.######
#........##.######
#........##.......
#........##.......
#.###.......######
#.# #.............
#@# #.......######
#o# #.)####.######
))# #..# #.......
.... #..# ########
..#.# #..# # ......
#..# # ....... ...#
# ###. #.. ##.# #
... #


You could see an orc.

Vanquished Creatures
  Edmund (D:4)
  A gnoll bouda (D:2)
  7 adders
  4 gnolls
  An ufetubus (D:4)
  2 worms
  4 dart slugs
  6 orcs
  8 ball pythons
  3 endoplasms
  3 giant cockroaches
  2 goblins (D:1)
  9 hobgoblins
  2 kobolds
  4 quokkas
  6 bats
  2 frilled lizards
  2 rats
67 creatures vanquished.

Notes
Turn   | Place    | Note
-------+----------+-------------------------------------------
     0 | D:1      | qw the Gargoyle Hunter began the quest for the Orb.
     0 | D:1      | Reached XP level 1. HP: 12/12 MP: 1/1
     0 | D:1      | 0 ||| qw: Version: 0.3-a-76-g4403597
     0 | D:1      | 0 ||| qw: Game counter: 996
     0 | D:1      | 0 ||| qw: Melee chars always use a shield: true
     0 | D:1      | 0 ||| qw: God list: Okawaru
     0 | D:1      | 0 ||| qw: Allow faded altars: false
     0 | D:1      | 0 ||| qw: Do Orc after clearing Dungeon:15 true
     0 | D:1      | 0 ||| qw: Do second Lair branch before Depths: true
     0 | D:1      | 0 ||| qw: Lair rune preference: random
     0 | D:1      | 0 ||| qw: Goals: Normal
     0 | D:1      | 0 ||| PLANNING D:1-11
   312 | D:1      | Reached XP level 2. HP: 17/17 MP: 2/2
   817 | D:1      | 817 ||| UPGRADING to +0 pair of gloves.
   822 | D:1      | 822 ||| READING scroll labelled ELAMUO JATOPH.
   825 | D:1      | 825 ||| READING scroll labelled SEUPNY FALLYIL.
   826 | D:1      | 826 ||| DRINKING 2 clear potions.
   827 | D:1      | 827 ||| DROPPING scroll of butterflies.
   855 | D:2      | 855 ||| STAIRDANCE
   883 | D:2      | Reached skill level 5 in Ranged Weapons
   883 | D:2      | Reached XP level 3. HP: 20/21 MP: 3/3
  1348 | D:2      | Reached skill level 3 in Fighting
  1372 | D:2      | Reached XP level 4. HP: 28/28 MP: 4/4
  1532 | D:2      | 1532 ||| UPGRADING to +0 pair of boots.
  1537 | D:2      | 1537 ||| UPGRADING to +4 ring of slaying {mikee}.
  1538 | D:2      | 1538 ||| READING scroll labelled CIDIDWOQUCH.
  1539 | D:2      | 1539 ||| READING scroll labelled WULUHERUIWA.
  1540 | D:2      | 1540 ||| DRINKING 2 purple potions.
  1541 | D:2      | 1541 ||| DROPPING potion of attraction.
  1551 | D:3      | 1551 ||| STAIRDANCE
  1560 | D:2      | Reached skill level 1 in Armour
  1612 | D:3      | 1612 ||| STAIRDANCE
  1618 | D:3      | 1618 ||| STAIRDANCE
  1624 | D:3      | 1624 ||| STAIRDANCE
  1632 | D:2      | Reached XP level 5. HP: 20/32 MP: 5/5
  1682 | D:3      | 1682 ||| STAIRDANCE
  1720 | D:3      | 1720 ||| STAIRDANCE
  1950 | D:3      | Reached skill level 6 in Ranged Weapons
  2419 | D:3      | 2419 ||| UPGRADING to +0 ring mail.
  2429 | D:3      | 2429 ||| DROPPING +0 leather armour.
  2430 | D:3      | 2430 ||| READING scroll labelled GUMALU SAHORUE.
  2431 | D:3      | 2431 ||| READING scroll labelled MYTREH NER IPAPN.
  2432 | D:3      | 2432 ||| READING scroll labelled QALEPT MOYRO.
  2433 | D:3      | 2433 ||| DRINKING 2 metallic sapphire potions.
  2433 | D:3      | Gained mutation: Your magical capacity is low. (-10% MP)
                  | [potion of mutation]
  2433 | D:3      | Gained mutation: Your body sometimes deteriorates upon
                  | taking damage. [potion of mutation]
  2433 | D:3      | Gained mutation: You occasionally lose the ability to read
                  | scrolls when taking damage. [potion of mutation]
  2434 | D:3      | 2434 ||| DRINKING potion of mutation.
  2434 | D:3      | Lost mutation: Your body sometimes deteriorates upon taking
                  | damage. [potion of mutation]
  2434 | D:3      | Lost mutation: Your magical capacity is low. (-10% MP)
                  | [potion of mutation]
  2434 | D:3      | Gained mutation: Your magical capacity is low. (-10% MP)
                  | [potion of mutation]
  2434 | D:3      | Gained mutation: Your large and strong wings let you fly.
                  | [potion of mutation]
  2452 | D:4      | 2452 ||| PLANNING OSSUARY
  2528 | D:4      | Noticed Edmund
  2542 | D:4      | HP: 8/33 [Edmund/+1 dire flail of protection (5)]
  2543 | D:4      | 2543 ||| DRINKING 2 potions of heal wounds.
  2547 | D:4      | HP: 4/33 [Edmund/+1 dire flail of protection (13)]
  2548 | D:4      | 2548 ||| DRINKING potion of heal wounds.
  2553 | D:4      | Killed Edmund
  2554 | D:4      | Reached XP level 6. HP: 18/40 MP: 5/5
  2555 | D:4      | HP: 5/40 [orc/+4 flail (8)]
  2557 | D:4      | Mangled by an orc

Levels and vault maps discovered:
D:1:      dpeg_arrival_tiny_g, layout_loops_corners
D:2:      layout_loops_ring, columned_hall_lemuel
D:3:      layout_loops_ring
D:4:      layout_basic, minmay_temple_entry_sparse_star, serial_shops,
          kennysheep_mini, enter_ossuary_3, uniq_edmund

Skill      XL: |  1  2  3  4  5 |
---------------+----------------+-----
Ranged Weapons | 5 6 |  6.0
Fighting       | 3 4 |  4.9
Armour         | 1 |  1.6
Dodging        | |  1.5
Stealth        | |  1.1

Action                     |  1- 3 |  4- 6 || total
---------------------------+-------+-------++-------
   Fire: Shortbow          |    84 |   120 ||   204
    Use: Scroll            |     2 |     5 ||     7
         Potion            |     1 |     5 ||     6
 Armour: Leather armour    |    19 |    26 ||    45
         Ring mail         |       |    24 ||    24
  Dodge: Dodged            |    18 |    35 ||    53

Table legend:
 A = Non-vault XP
 B = Vault XP
 C = Vault XP percentage of total XP
 D = Non-vault monster count
 E = Vault monster count
 F = Vault count percentage of total count
                 A         B        C        D         E       F
            +---------+---------+-------+---------+---------+-------
      Total |     305 |     147 |  32.5 |      66 |       1 |   1.5
            +---------+---------+-------+---------+---------+-------
        D:1 |      30 |       0 |   0.0 |      16 |       0 |   0.0
        D:2 |     162 |       0 |   0.0 |      22 |       0 |   0.0
        D:3 |      87 |       0 |   0.0 |      20 |       0 |   0.0
        D:4 |      26 |     147 |  85.0 |       8 |       1 |  11.1
            +---------+---------+-------+---------+---------+-------
